 Dungeon Crawl Stone Soup version 0.23-a0-378-gd7a6ca6 (webtiles) character file.

104 BingusPrime the Bolt Thrower (level 4, -1/27 HPs)
             Began as a Tengu Hunter on Oct 27, 2018.
             Slain by a gnoll
             ... wielding a +0 spear
              (12 damage)
             ... on level 3 of the Dungeon.
             The game lasted 00:04:25 (1694 turns).

BingusPrime the Bolt Thrower (Tengu Hunter)         Turns: 1694, Time: 00:04:26

Health: -1/27      AC:  3    Str: 12    XL:     4   Next: 80%
Magic:  5/5        EV: 12    Int: 11    God:
Gold:   98         SH:  0    Dex: 16    Spells: 3/3 levels left

rFire    . . .     SeeInvis .   b - +0 short sword
rCold    . . .     Gourm    .   (no shield)
rNeg     . . .     Faith    .   c - +0 leather armour
rPois    .         Spirit   .   (helmet restricted)
rElec    .         Reflect  .   (no cloak)
rCorr    .         Harm     .   (no gloves)
MR       .....                  (boots unavailable)
Stlth    ++........             (no amulet)
HPRegen  0.09/turn              (no ring)
MPRegen  0.09/turn              (no ring)

@: no status effects
A: beak, talons 3
a: no special abilities


You were on level 3 of the Dungeon.
You were not hungry.

You visited 1 branch of the dungeon, and saw 3 of its levels.

You collected 98 gold pieces.

Inventory:

Hand Weapons
 a - a +1 hand crossbow
 b - a +0 short sword (weapon)
Armour
 c - a +0 leather armour (worn)
Jewellery
 j - an uncursed amulet of the acrobat {unknown}
Scrolls
 e - 2 scrolls of identify {unknown}
 g - 3 scrolls of remove curse {unknown}
 k - a scroll of magic mapping {unknown}
Potions
 h - 3 potions of brilliance {unknown}
 i - 2 potions of heal wounds {unknown}
 l - 2 potions of might {unknown}
 m - a potion of curing {unknown}
 n - 2 potions of haste {unknown}
 o - a potion of berserk rage {unknown}
Comestibles
 f - 5 rations
 q - a chunk of flesh


   Skills:
 * Level 2.6 Fighting
 * Level 6.1 Crossbows
 + Level 0.2 Armour
 + Level 2.3 Dodging
 + Level 1.0 Stealth


You had 3 spell levels left.
You didn't know any spells.
Your spell library was empty.

Dungeon Overview and Level Annotations

Branches:
Dungeon (3/15)

Altars:


Innate Abilities, Weirdness & Mutations

You have a beak for a mouth.
You have claws for feet.


Message History

Aim: a gnoll, wielding a +0 spear (almost dead)
You throw a tomahawk. The tomahawk hits the gnoll.
The gnoll is almost dead.
The gnoll barely misses you.
Throwing (i - inventory)
p - a tomahawk (quivered)
Press: ? - help, Shift-Dir - straight line, f/p - gnoll
Aim: a gnoll, wielding a +0 spear (almost dead)
You throw a tomahawk. The tomahawk barely misses the gnoll.
The gnoll hits you from afar with a +0 spear. x2
Wield which item (- for none, * to show all)? (? for menu, Esc to quit)
b - a +0 short sword (weapon)
The gnoll hits you but does no damage.
You hit the gnoll but do no damage.
The gnoll is almost dead.
The gnoll closely misses you.
You closely miss the gnoll. You claw the gnoll, but do no damage.
You peck the gnoll, but do no damage.
The gnoll is almost dead.
The gnoll hits you with a +0 spear!
You die...

#........###########........#
#.####................รท.....#
#.#.#<##########.......#
#.#.#.# #(.. #.......# #.#.#.#
#.(# #.......# #.#.#.# #(.#
#.......# #.#.#.# #..#
#.......# #.#.#.# #(g#
#.##.#### #.#.#.#
#.@#####.##.# ..#.#.#
#...........# #.#
#..#.###.#### #.# .....#.# #.#
#####.#.# #.# ..#.# #.# #.#.#
#.# ..#.# #.# ....# #.#


You could see a gnoll.

Vanquished Creatures
  3 gnolls
  An adder (D:3)
  An ooze (D:3)
  2 worms (D:2)
  A dart slug (D:1)
  2 leopard geckos
  2 orcs (D:3)
  2 giant cockroaches
  7 goblins
  6 hobgoblins
  5 bats
  2 frilled lizards (D:1)
  10 kobolds
  7 rats
51 creatures vanquished.

Notes
Turn   | Place    | Note
-------+----------+-------------------------------------------
     0 | D:1      | BingusPrime the Tengu Hunter began the quest for the Orb.
     0 | D:1      | Reached XP level 1. HP: 12/12 MP: 2/2
    68 | D:1      | Reached XP level 2. HP: 17/17 MP: 3/3
   228 | D:1      | Reached skill level 5 in Crossbows
   232 | D:1      | Reached XP level 3. HP: 21/21 MP: 4/4
  1104 | D:2      | Reached XP level 4. HP: 27/27 MP: 5/5
  1599 | D:3      | Reached skill level 6 in Crossbows
  1694 | D:3      | Slain by a gnoll

Vault maps used:
D:1:      evilmike_arrival_hilbert_curve, serial_curves, eino_curves_04,
          eino_curves_02, minmay_misc_feat_iff, minmay_stone_trees_medium
D:2:      first_ration
D:3:      lemuel_crystal_altar

Skill      XL: |  1  2  3  4 |
---------------+-------------+-----
Crossbows      | 5 6 |  6.1
Fighting       | |  2.6
Armour         | |  0.2
Dodging        | |  2.3
Stealth        | |  1.0

Action                   |  1- 3 |  4- 6 || total
-------------------------+-------+-------++-------
Melee: Short sword       |       |     2 ||     2
       Kick              |       |     1 ||     1
       Peck              |       |     1 ||     1
 Fire: Hand crossbow     |    77 |    26 ||   103
Throw: Tomahawk          |       |     4 ||     4
  Eat: Chunk             |       |     2 ||     2
Armor: Leather armour    |     1 |     1 ||     2
Dodge: Dodged            |     2 |     7 ||     9

Table legend:
 A = Non-vault XP
 B = Vault XP
 C = Vault XP percentage of total XP
 D = Non-vault monster count
 E = Vault monster count
 F = Vault count percentage of total count
                 A         B        C        D         E       F
            +---------+---------+-------+---------+---------+-------
      Total |     149 |       0 |   0.0 |      51 |       0 |   0.0
            +---------+---------+-------+---------+---------+-------
        D:1 |      55 |       0 |   0.0 |      26 |       0 |   0.0
        D:2 |      32 |       0 |   0.0 |      14 |       0 |   0.0
        D:3 |      62 |       0 |   0.0 |      11 |       0 |   0.0
            +---------+---------+-------+---------+---------+-------
